Map: Emerald City LE

Players

Throwfordays

  • Race: Protoss Protoss
  • League: Silver
  • Spawn Location: 11:00

Faust

  • Race: Zerg Zerg
  • League: Diamond
  • Spawn Location: 11:00

Exedo - Winner!

  • Race: Protoss Protoss
  • League: Diamond
  • Spawn Location: 5:00

Depre - Winner!

  • Race: Zerg Zerg
  • League: Platinum
  • Spawn Location: 5:00

VOD

Have the link to the VOD?

Description

Time

  • Played on: July 24, 2020, 10:59 p.m.
  • Length: 12:13
Show
View Real Time Build Order
Export as new Build Order

Throwfordays Protoss 

Build Orders:  

Get SALT Encoding   

  12  0:01  Probe  
  13  0:16  Pylon  
  13  0:19  Probe  
  14  0:30  Probe  
  15  0:37  Gateway  
  15  0:39  Probe  
  15  0:47  Probe  
  17  0:58  Probe  
  18  1:04  Assimilator  
  18  1:07  Pylon  
  18  1:10  Probe  
  19  1:22  Probe  
  19  1:24  Cybernetics Core  
  20  1:40  Warp Gate  
  20  1:45  Nexus  
  20  1:51  Assimilator  
  20  1:53  Probe  
  21  2:04  Adept  
  21  2:08  Probe  
  24  2:20  Probe  
  25  2:25  Gateway  
  25  2:34  Adept  
  27  2:39  Probe  
  28  2:51  Probe  
  28  2:52  Twilight Council  
  29  3:04  Probe  
  28  3:59  Adept x2  
  28  4:01  Probe  
  32  4:09  Probe  
  33  4:10  Probe  
  33  4:11  Gateway  
  33  4:12  Gateway  
  35  4:18  Probe x2  
  37  4:27  Probe  
  37  4:31  Probe  
  39  4:51  Pylon  
  39  4:52  Stalker x2, Probe  
  43  4:57  Probe  
  44  5:00  Probe  
  44  5:05  Probe  
  40  5:10  Probe  
  40  5:12  Blink  
  42  5:15  Probe  
  42  5:16  Assimilator  
  42  5:20  Assimilator  
  43  5:22  Probe  
  43  5:23  Gateway  
  43  5:26  Stalker x2  
  43  5:27  Stalker x2, Probe  
  53  5:34  Probe  
  44  5:36  Pylon  
  44  5:39  Probe  
  44  5:41  Pylon  
  43  5:54  Stalker x2  
  46  6:01  Pylon  
  46  6:19  Probe  
  46  6:23  Robotics Facility  
  47  6:26  Robotics Facility  
  47  6:30  Stargate  
  47  6:31  Probe  
  48  6:35  Pylon  
  48  6:38  Pylon, Stalker  
  48  6:39  Stalker  
  52  6:40  Stalker  
  54  6:53  Forge, Probe  
  55  6:55  Forge  
  55  6:57  Pylon  
  55  7:03  Immortal x2  
  55  7:05  Probe  
  56  7:13  Nexus  
  64  7:16  Pylon  
  64  7:22  Assimilator  
  64  7:27  Assimilator  
  64  7:29  Protoss Ground Weapons Level 1  
  64  7:30  Protoss Ground Armor Level 1  
  64  7:39  Fleet Beacon  
  64  7:46  Probe  
  64  7:50  Probe  
  66  7:54  Immortal x2  
  66  7:56  Stalker x4  
  66  7:58  Probe  
  83  8:02  Probe  
  84  8:10  Probe  
  85  8:14  Probe  
  86  8:25  Probe  
  87  8:31  Fleet Beacon  
  87  8:33  Stargate  
  87  8:34  Stargate  
  87  8:37  Probe  
  87  8:39  Stargate  
  88  8:42  Pylon  
  88  8:43  Probe  
  88  8:44  Stalker x4  
  97  8:49  Probe  
  97  8:55  Probe  
  99  9:04  Cybernetics Core  
  99  9:05  Probe  
  99  9:07  Probe  
  101  9:13  Probe  
  101  9:14  Carrier  
  107  9:19  Protoss Air Weapons Level 1  
  107  9:23  Probe  
  108  9:31  Pylon  
  109  9:33  Pylon  
  109  9:37  Pylon  
  109  9:40  Pylon  
  109  9:49  Carrier, Probe x2  
  117  9:55  Protoss Air Armor Level 1  
  117  10:01  Probe  
  130  10:07  Carrier x2  
  110  10:29  Stalker  
  110  10:30  Stalker x2  
  106  10:43  Stalker  
  100  10:58  Carrier  
  93  11:47  Pylon  
  81  11:48  Pylon  
Show
View Real Time Build Order
Export as new Build Order

Faust Zerg 

Build Orders: Hatch First 

Get SALT Encoding   

  12  0:01  Drone  
  13  0:10  Drone  
  14  0:18  Overlord  
  14  0:46  Hatchery  
  13  0:53  Drone  
  13  0:55  Drone  
  15  0:57  Drone  
  16  1:05  Drone  
  16  1:18  Extractor  
  16  1:23  Spawning Pool  
  14  1:26  Drone  
  14  1:29  Drone  
  16  1:46  Drone  
  17  1:47  Overlord  
  17  2:00  Drone  
  18  2:01  Drone  
  19  2:10  Queen  
  19  2:12  Queen  
  23  2:19  Drone  
  23  2:20  Drone  
  25  2:25  Drone  
  26  2:33  Drone  
  26  2:34  Zergling x2  
  26  2:35  Zergling x2  
  29  2:39  Metabolic Boost  
  30  2:44  Zergling x2  
  30  2:46  Zergling x2  
  31  2:51  Overlord  
  31  3:13  Baneling Nest  
  31  3:14  Zergling x2  
  31  3:15  Zergling x8  
  35  3:25  Lair  
  35  3:30  Zergling x6  
  35  3:31  Zergling x4  
  40  3:55  Zergling x8  
  40  3:58  Baneling  
  40  4:02  Drone x4  
  44  4:08  Baneling x2  
  44  4:18  Overlord  
  43  4:25  Hatchery  
  40  4:35  Zergling x2  
  40  4:36  Zergling x10  
  35  4:54  Zergling x2  
  35  4:55  Zergling x14  
  43  5:13  Drone x3  
  46  5:14  Extractor, Drone x2, Hydralisk Den  
  46  5:20  Drone  
  35  5:47  Zergling x18  
  43  5:54  Evolution Chamber  
  43  5:56  Drone  
  43  5:57  Queen  
  43  6:02  Baneling x3  
  45  6:11  Drone x7  
  46  6:14  Baneling  
  46  6:15  Baneling  
  46  6:17  Drone  
  53  6:20  Grooved Spines  
  53  6:24  Drone  
  54  6:26  Drone  
  54  6:27  Drone  
  56  6:45  Overlord  
  56  6:46  Overlord x2  
  56  6:57  Extractor x2  
  54  7:08  Overseer  
  54  7:13  Burrow, Drone x3  
  54  7:14  Drone x3  
  59  7:16  Drone  
  59  7:17  Drone x6  
  59  7:18  Drone x2, Overlord  
  68  7:22  Zerg Melee Weapons Level 1  
  68  7:25  Spire  
  67  7:30  Extractor  
  67  7:32  Extractor  
  67  7:33  Drone x4  
  69  7:54  Hatchery  
  68  8:13  Drone x3  
  68  8:14  Drone x3  
  68  8:16  Drone x5  
  68  8:17  Drone  
  78  8:43  Zergling x2  
  78  8:44  Overlord x2  
  78  8:45  Overlord  
  79  9:03  Overlord x4  
  79  9:04  Mutalisk, Overlord  
  79  9:05  Mutalisk x4  
  79  9:08  Zerg Flyer Weapons Level 1  
  89  9:15  Drone x6  
  94  9:20  Queen  
  96  9:31  Mutalisk x3  
  96  9:32  Mutalisk x7  
  96  9:34  Drone x6  
  122  9:44  Drone  
  122  9:45  Drone x3  
  126  9:47  Extractor, Hatchery  
  126  9:50  Extractor  
  123  9:52  Mutalisk  
  123  9:53  Mutalisk x2  
  92  10:31  Mutalisk x7  
  87  10:59  Mutalisk x3  
  87  11:01  Zergling x4  
  87  11:02  Zergling x4  
  95  11:10  Mutalisk  
  95  11:11  Mutalisk  
  93  11:27  Hatchery  
  93  11:28  Zergling x8  
Show
View Real Time Build Order
Export as new Build Order

Exedo Protoss - Winner!

Build Orders: 1 Gate Expand 

Get SALT Encoding   

  12  0:01  Probe  
  13  0:13  Probe  
  14  0:19  Pylon  
  14  0:25  Probe  
  15  0:38  Gateway  
  15  0:39  Probe  
  16  0:47  Assimilator  
  16  0:51  Probe  
  17  0:59  Probe  
  18  1:07  Probe  
  19  1:25  Probe  
  19  1:31  Nexus  
  20  1:33  Probe  
  20  1:39  Pylon  
  21  1:49  Cybernetics Core  
  21  1:53  Probe  
  22  1:59  Assimilator  
  22  2:02  Probe  
  23  2:10  Probe  
  24  2:17  Warp Gate  
  24  2:19  Probe  
  25  2:27  Gateway  
  25  2:29  Gateway  
  25  2:34  Probe  
  26  2:42  Forge, Probe  
  26  2:48  Probe  
  26  2:50  Probe  
  29  3:00  Probe  
  30  3:07  Robotics Facility  
  30  3:25  Protoss Ground Weapons Level 1  
  30  3:32  Stalker x3  
  36  3:36  Probe  
  36  3:37  Probe  
  37  3:45  Probe  
  35  3:49  Probe  
  35  3:54  Probe  
  37  3:57  Immortal  
  37  4:01  Probe  
  43  4:13  Stalker, Probe  
  44  4:35  Stalker  
  44  4:36  Stalker  
  38  4:54  Stalker  
  40  5:06  Stalker x2  
  44  5:11  Gateway  
  44  5:12  Gateway  
  44  5:13  Pylon  
  44  5:15  Assimilator  
  44  5:16  Pylon  
  44  5:19  Stalker  
  44  5:21  Assimilator  
  46  5:53  Probe  
  46  5:54  Probe  
  48  5:58  Immortal  
  52  6:05  Probe  
  52  6:06  Probe  
  52  6:10  Twilight Council  
  54  6:13  Probe  
  54  6:14  Pylon, Probe  
  56  6:22  Pylon  
  56  6:23  Stalker  
  56  6:24  Stalker x2  
  62  6:29  Probe  
  62  6:30  Probe  
  64  6:41  Probe  
  64  6:42  Probe  
  64  6:46  Immortal  
  70  6:48  Stalker x4  
  70  6:51  Protoss Ground Weapons Level 2  
  70  6:53  Pylon  
  60  7:01  Charge  
  78  7:04  Nexus  
  78  7:06  Pylon  
  78  7:27  Templar Archives  
  78  7:36  Photon Cannon  
  78  7:38  Photon Cannon  
  78  7:39  Shield Battery  
  79  7:44  Probe x2  
  80  7:53  Psionic Storm  
  80  7:56  Probe x2  
  82  8:13  High Templar x4  
  82  8:15  Zealot  
  82  8:17  Archon x2  
  82  8:18  Probe  
  82  8:19  Probe x2  
  95  8:22  Assimilator  
  95  8:25  Assimilator  
  95  8:31  Probe x3  
  98  8:51  High Templar x3  
  98  8:53  Zealot x2  
  108  8:57  Pylon  
  108  8:59  Pylon  
  108  9:01  Pylon  
  108  9:03  Pylon  
  108  9:09  Pylon  
  108  9:11  Pylon  
  108  9:12  Gateway  
  108  9:16  Gateway  
  108  9:18  Gateway  
  108  9:22  Pylon  
  108  9:23  Stalker x2  
  108  9:24  Stalker x2  
  114  9:25  Protoss Ground Armor Level 1  
  114  9:27  Sentry  
  118  10:11  Stalker x3  
  118  10:12  Stalker x4  
  126  10:50  High Templar x2  
  126  10:51  High Templar  
  126  10:54  Archon  
  130  10:58  Photon Cannon  
  130  10:59  Photon Cannon  
  130  11:02  Pylon  
  126  11:05  Pylon  
  114  12:00  Zealot  
  114  12:01  Zealot x6  
  120  12:02  Zealot  
Show
View Real Time Build Order
Export as new Build Order

Depre Zerg - Winner!

Build Orders: Hatch First 

Get SALT Encoding   

  12  0:01  Drone  
  13  0:12  Overlord  
  13  0:17  Drone  
  14  0:30  Drone x2  
  14  0:34  Drone  
  17  0:54  Hatchery  
  17  0:55  Drone  
  17  1:10  Spawning Pool  
  16  1:13  Drone  
  16  1:16  Extractor  
  16  1:18  Drone  
  17  1:30  Drone  
  17  1:31  Drone  
  19  1:42  Overlord  
  19  1:56  Drone  
  19  1:57  Queen  
  22  2:01  Drone  
  22  2:07  Queen  
  26  2:08  Drone  
  26  2:11  Drone  
  27  2:17  Drone  
  27  2:19  Metabolic Boost  
  28  2:24  Drone  
  28  2:28  Drone  
  30  2:42  Queen  
  32  2:48  Drone x3  
  35  2:51  Overlord  
  35  2:56  Lair  
  35  2:59  Drone  
  35  3:26  Zergling x18  
  44  3:42  Overlord x2  
  42  4:06  Baneling Nest  
  42  4:07  Drone x8  
  42  4:08  Extractor  
  48  4:12  Extractor  
  44  4:31  Zergling x2  
  44  4:32  Zergling x12  
  44  4:37  Zergling x8  
  51  4:43  Zergling x2  
  52  4:49  Zergling x4  
  51  5:15  Drone x8  
  59  5:22  Extractor  
  58  5:30  Overlord x2  
  50  6:07  Overlord x3  
  50  6:08  Overlord x2  
  50  6:11  Hatchery  
  50  6:13  Centrifical Hooks  
  49  6:19  Hydralisk Den  
  49  6:22  Roach Warren  
  47  6:33  Evolution Chamber  
  47  6:37  Evolution Chamber  
  45  6:42  Drone x10  
  55  6:56  Zergling x8  
  59  7:03  Baneling x6  
  59  7:09  Zerg Missile Weapons Level 1  
  59  7:10  Zerg Ground Armor Level 1  
  59  7:25  Muscular Augments  
  59  7:29  Pneumatized Carapace  
  59  7:43  Roach x6  
  59  7:44  Roach x7  
  85  7:49  Glial Reconstitution  
  85  7:56  Roach x5  
  94  8:13  Drone x7  
  101  8:32  Overlord x7  
  101  8:34  Queen  
  101  8:37  Grooved Spines  
  101  8:45  Spore Crawler  
  100  8:49  Hatchery  
  100  8:54  Overseer  
  99  9:04  Overseer  
  99  9:08  Zerg Missile Weapons Level 2  
  99  9:09  Zerg Ground Armor Level 2  
  99  9:15  Roach x11  
  99  9:16  Roach x5  
  133  10:07  Roach x14  
  155  10:16  Overlord x7  
  135  10:31  Hydralisk x5  
  127  10:45  Hydralisk  
  127  10:46  Hydralisk x3  
  129  10:57  Spore Crawler x3  
  129  10:59  Spore Crawler  
  125  11:04  Spore Crawler  
  125  11:05  Extractor, Queen  
  125  11:06  Extractor  
  125  11:08  Drone x3  
  125  11:09  Drone x2  
  125  11:10  Hydralisk x4  
  137  11:27  Drone x9  
Tags
 
Add a new tag
Caveats
  • Supply blocks, unpowered buildings, or Contaminate may cause inaccurate times.
  • Supply counts are checked every 10 seconds.